 Dungeon Crawl Stone Soup version 0.19.5 (webtiles) character file.

185 Azzok the Skirmisher (level 5, -5/50 HPs)
             Began as a Centaur Fighter on June 1, 2017.
             Slain by Grinder (6 damage)
             ... on level 3 of the Dungeon.
             The game lasted 00:06:23 (2581 turns).

Azzok the Skirmisher (Centaur Fighter)              Turns: 2581, Time: 00:06:24

Health: -5/50      AC:  8    Str: 19    XL:     5   Next: 37%
Magic:  5/5        EV:  1    Int:  7    God:
Gold:   103        SH: 11    Dex:  9    Spells: 0 memorised, 4 levels left

rFire  . . .     SeeInvis .     i - +0 whip (venom)
rCold  + . .     Gourm    .     k - +0 plate armour {rC+}
rNeg   . . .     Faith    .     c - +0 shield
rPois  .         Spirit   .     (no helmet)
rElec  .         Reflect  +     (no cloak)
rCorr  .         Harm     .     (no gloves)
MR     .....                    (no barding)
Stlth  ..........               y - +3 amulet of reflection
                                (no ring)
                                A - ring of loudness (curse)

@: very quick
A: hooves 3, deformed body, speed 2, tough skin 3
a: no special abilities


You were on level 3 of the Dungeon.
You were not hungry.

You visited 1 branch of the dungeon, and saw 3 of its levels.

You collected 103 gold pieces.

Inventory:

Hand Weapons
 a - a +0 long sword
 i - a +0 whip of venom (weapon)
Armour
 c - a +0 shield (worn)
 k - a +0 plate armour of cold resistance (worn)
Jewellery
 y - a +3 amulet of reflection (around neck)
 A - a cursed ring of loudness (left hand)
Scrolls
 e - a scroll of enchant armour {unknown}
 l - 2 scrolls of remove curse {unknown}
 q - 2 scrolls of identify {unknown}
 s - a scroll of noise {unknown}
 t - a scroll of random uselessness {unknown}
 u - a scroll of magic mapping {unknown}
 v - a scroll of recharging {unknown}
Potions
 b - a potion of haste {unknown}
 d - a potion of might
 h - 2 potions of agility {unknown}
 j - a potion of degeneration {unknown}
 m - a potion of berserk rage {unknown}
 n - a potion of lignification {unknown}
 p - a potion of invisibility {unknown}
 r - 2 potions of curing {unknown}
 w - a potion of heal wounds {unknown}
 x - 2 potions of flight {unknown}
 z - a potion of brilliance {unknown}
Comestibles
 f - a bread ration {@e1}
 g - 5 meat rations {@e2}
 o - 33 chunks of flesh {@w0}


   Skills:
 * Level 6.1 Fighting
 - Level 1.7 Long Blades
 - Level 2.1 Armour
 - Level 2.1 Shields


You had 4 spell levels left.
You didn't know any spells.

Dungeon Overview and Level Annotations

Branches:
Dungeon (3/15)

Altars:

Annotations:
D:3 Grinder


Innate Abilities, Weirdness & Mutations

You have hooves in place of feet.
Armour fits poorly on your strangely shaped body.
You cover ground very quickly.
You have extremely tough skin. (AC +3)


Message History

Grinder hits you but does no damage. x2
You closely miss Grinder. Your kick misses Grinder.
Grinder is almost dead.
Grinder blinks!
You aren't carrying any items that you can evoke.
Unknown command.
Grinder gestures at you. You resist with significant effort.
You see here a glowing dagger.
Grinder says, "I used to sell toenails on the black market."
You closely miss Grinder. You kick Grinder.
Grinder is almost dead.
Grinder gestures at you.
You barely resist. You hit Grinder but do no damage.
You kick Grinder, but do no damage.
Grinder is almost dead.
Grinder hits you.
* * * LOW HITPOINT WARNING * * *
You writhe in agony.
You die...

▒[········▒
▒·········▒
▒········)▒
▒▒▒▒▒·▒?·▒▒▒▒▒▒
▒··▒·▒····▒ ▒▒
▒▒▒▒···▒····▒ ▒▒·▒▒
▒······▒····▒▒·····
▒▒5▒▒)······▒·· ···
▒@▒▒▒······▒·▒····
▒)▒ ▒···5··▒·▒···▒
▒·▒ ▒············▒
▒▒·▒▒▒▒···▒▒▒······
▒···▒ ▒···▒▒·······
▒···▒▒▒··▒▒········
▒···▒▒····§··▒····▒
▒·············>····
▒···▒···········▒··


You could see Grinder.

Vanquished Creatures
  Ijyb (D:2)
  A worker ant (D:3)
  4 gnolls
  An adder (D:2)
  An ooze (D:2)
  An adder zombie (D:1)
  A worm (D:2)
  2 dart slugs
  2 leopard geckos
  8 orcs (D:3)
  2 ball pythons
  5 bats
  A bat zombie (D:1)
  2 giant cockroaches
  7 goblins
  8 hobgoblins
  4 jackals (D:3)
  10 frilled lizards
  5 kobolds
  4 rats
70 creatures vanquished.

Notes
Turn   | Place    | Note
-------+----------+-------------------------------------------
     0 | D:1      | Azzok the Centaur Fighter began the quest for the Orb.
     0 | D:1      | Reached XP level 1. HP: 19/19 MP: 1/1
   175 | D:1      | Reached XP level 2. HP: 26/26 MP: 2/2
   678 | D:1      | Reached skill level 4 in Fighting
  1197 | D:2      | Reached XP level 3. HP: 31/33 MP: 3/3
  1293 | D:2      | Noticed Ijyb
  1299 | D:2      | Killed Ijyb
  1400 | D:2      | Found a faded altar of an unknown god.
  1773 | D:2      | Reached XP level 4. HP: 41/41 MP: 4/4
  1804 | D:2      | Reached skill level 5 in Fighting
  2228 | D:3      | Reached XP level 5. HP: 44/50 MP: 5/5
  2330 | D:3      | Reached skill level 6 in Fighting
  2494 | D:3      | Noticed Grinder
  2567 | D:3      | HP: 2/50 [Grinder (2)]
  2581 | D:3      | HP: 1/50 [Grinder (3)]
  2581 | D:3      | Slain by Grinder

Skill      XL: |  1  2  3  4  5 |
---------------+----------------+-----
Fighting       | 4 5 6 |  6.1
Long Blades    | |  1.7
Armour         | |  2.1
Shields        | |  2.1

Action                   |  1- 3 |  4- 6 || total
-------------------------+-------+-------++-------
Melee: Long sword        |    16 |       ||    16
       Kick              |    19 |    35 ||    54
       Whip              |   106 |   119 ||   225
  Eat: Chunk             |     2 |     2 ||     4
Armor: Scale mail        |    18 |       ||    18
       Plate armour      |    61 |    74 ||   135
Dodge: Dodged            |    11 |     2 ||    13
Block: Shield            |    38 |    50 ||    88
       Rpst.: Long sword |     1 |       ||     1
